 Dungeon Crawl Stone Soup version 0.28-a0-461-g2dc4ca5097 (webtiles) character file.

Game seed: 3534500398966390170

7370 sizableburger the Geomancer (level 10, -10/74 HPs)
             Began as a Mummy Earth Elementalist on Sept 11, 2021.
             Was a Believer of Fedhas.
             Mangled by an eight-headed hydra (13 damage)
             ... on level 10 of the Dungeon on Sept 13, 2021.
             The game lasted 00:40:42 (14665 turns).

sizableburger the Geomancer (MuEE)                 Turns: 14665, Time: 00:40:44

Health: -10/74     AC: 10    Str: 12    XL:     10   Next: 91%
Magic:  3/22       EV: 11    Int: 17    God:    Fedhas [**....]
Gold:   525        SH:  0    Dex: 19    Spells: 9/25 levels left

rFire   . . .      SeeInvis .   d - staff of earth
rCold   . . .      Faith    .   (no shield)
rNeg    + + +      Spirit   .   q - +0 ring mail
rPois   ∞          Reflect  .   (no helmet)
rElec   .          Harm     .   l - +0 cloak
rCorr   .          Rampage  .   p - +2 pair of gloves
Will    +....                   o - +0 pair of boots
Stlth   +.........              (no amulet)
HPRegen 0.22/turn               k - ring of fire
MPRegen 0.18/turn               a - +6 ring of dexterity

@: very slightly contaminated
A: cold resistance 1, negative energy resistance 3, torment resistance 2, heat
vulnerability 1, no potions
a: Renounce Religion, Wall of Briars


You were on level 10 of the Dungeon.
You worshipped Fedhas.
Fedhas was pleased with you.
You visited 2 branches of the dungeon, and saw 11 of its levels.

You collected 525 gold pieces.

Inventory:

Hand Weapons
 u - a +4 flail of draining
Missiles
 c - 276 stones
Armour
 l - a +0 cloak (worn)
 o - a +0 pair of boots (worn)
 p - a +2 pair of gloves (worn)
 q - a +0 ring mail (worn)
Magical Staves
 d - a staff of earth (weapon)
Jewellery
 a - a +6 ring of dexterity (right hand)
 e - a ring of fire
 f - a +6 ring of strength
 i - a ring of ice
 k - a ring of fire (left hand)
 m - an amulet of guardian spirit
Wands
 h - a wand of digging (5)
 j - a wand of flame (17)
Scrolls
 b - a scroll of holy word
 g - a scroll of noise
 n - 3 scrolls of identify
 r - 2 scrolls of teleportation
 s - a scroll of brand weapon
 w - a scroll of fog {unknown}
 x - a scroll of enchant weapon
Miscellaneous
 t - a phantom mirror
 v - a condenser vane (inert)


   Skills:
 - Level 5.0 Fighting
 + Level 1.7(2.0) Maces & Flails
 - Level 1.3(1.8) Staves
 - Level 1.0 Armour
 + Level 2.6 Dodging
 - Level 1.5 Stealth
 - Level 8.0 Spellcasting
 - Level 5.2 Conjurations
 - Level 4.5 Transmutations
 + Level 8.1 Earth Magic
 + Level 4.5 Invocations
 - Level 3.0 Evocations


You had 9 spell levels left.
You knew the following spells:

 Your Spells              Type           Power      Damage    Failure   Level
a - Sandblast             Erth           100%       2d20      1%          1
b - Passwall              Tmut/Erth      35%        N/A       2%          2
c - Sting                 Tmut/Pois      56%        1d5       10%         1
d - Stone Arrow           Conj/Erth      88%        3d12      4%          3
e - Petrify               Tmut/Erth      42%        N/A       17%         4
f - Lee's Rapid Deconstr  Erth           25%        3d15*     22%         5

Your spell library contained the following spells:

 Spells                   Type           Power      Damage    Failure   Level
 Scorch                   Fire           20%        2d6       34%         2
 Flame Wave               Conj/Fire      23%        3d6       63%         4
 Fulminant Prism          Conj/Hex       7%         3d7       63%         4
 Iskenderun's Mystic Bla  Conj/Tloc      15%        2d5       63%         4
 Summon Cactus Giant      Summ           3%         N/A       100%        6


Dungeon Overview and Level Annotations

Branches:
Dungeon (10/15)            Temple (1/1) D:6            Lair (0/6) D:10
    Orc (0/2) D:9

Altars:
Ashenzari
Cheibriados
Dithmenos
Elyvilon
Fedhas
Gozag
Hepliaklqana
Kikubaaqudgha
Makhleb
Nemelex Xobeh
Okawaru
Qazlal
Ru
Sif Muna
Trog
Uskayaw
Vehumet
Wu Jian
Xom
Yredelemnul
Zin
The Shining One

Shops:
D:5 ?   D:8 :   D:9 ?*

Annotations:
D:4 2 runed translucent doors, Demosthentine's ghost, novice MfGl


Innate Abilities, Weirdness & Mutations

You are immune to poison.
Your flesh is cold resistant. (rC+)
You are immune to negative energy. (rN+++)
You are immune to unholy pain and torment.
You are vulnerable to heat. (rF-)
You do not drink.


Message History

The spell is quite dangerous to cast (22% risk of failure)!
Continue anyway?
Aiming: Lee's Rapid Deconstruction (quite dangerous; 22% risk of failure)
Press: ? - help, Dir - move target A rock wall.
You feel a surge of power!
You miscast Lee's Rapid Deconstruction.
Nothing appears to happen.
Unknown command.
Casting: Lee's Rapid Deconstruction (quite dangerous; 22% risk of failure)
Confirm with . or Enter, or press ? or * to list all spells.
The spell is quite dangerous to cast (22% risk of failure)!
Continue anyway?
Aiming: Lee's Rapid Deconstruction (quite dangerous; 22% risk of failure)
Press: ? - help, Dir - move target A rock wall.
You feel a surge of power!
The wall shatters!
The blast of rock fragments hits the eight-headed hydra!!!
The eight-headed hydra is heavily wounded.
Unknown command.
Casting: Lee's Rapid Deconstruction (quite dangerous; 22% risk of failure)
Confirm with . or Enter, or press ? or * to list all spells.
The spell is quite dangerous to cast (22% risk of failure)!
Continue anyway?
Aiming: Lee's Rapid Deconstruction (quite dangerous; 22% risk of failure)
Press: ? - help, Dir - move target A rock wall.
You feel a surge of power!
The wall shatters!
The blast of rock fragments hits the eight-headed hydra!!
The eight-headed hydra is almost dead.
You hear a shout!
You hear two shouts!
The eight-headed hydra bites you but does no damage. x2
The eight-headed hydra bites you! x4
The eight-headed hydra completely misses you.
The eight-headed hydra bites you!
Okay, then.
Clouds of noxious fumes condense around you!
The condenser dries out!
The eight-headed hydra bites you!
* * * LOW HITPOINT WARNING * * *
The eight-headed hydra bites you!
* * * LOW HITPOINT WARNING * * *
The eight-headed hydra bites you!
You die...
Fedhas appreciates your contribution to the ecosystem.

#.......#.................
##.....##.................
##...###.................
##......................
####.....###########....#
#..#.....####.....####.#.
#........................
#.....§§§................
#.....§D@................
##'########'######.#..###
#.......####.....#.#)).#..
...D.......#.............#..
#............#.............#..
#............#.............#..
#............#.............#..
#............#.............#..
##'###########'####..#..#'##..


You could see an eight-headed hydra.

Vanquished Creatures
  Erica (D:8)
  A gargoyle (D:9)
  A komodo dragon (D:10)
  A troll (D:9)
  7 yaks (D:8)
  A wraith (D:10)
  A basilisk (D:7)
  2 steam dragons (D:8)
  Menkaure (D:6)
  2 wargs (D:10)
  An acid dragon (D:10)
  A water moccasin (D:7)
  An ice beast (D:4)
  5 orc warriors (D:9)
  4 sky beasts
  A black bear (D:7)
  2 ogres
  3 centaurs
  2 phantoms (D:7)
  3 kobold brigands
  3 bullfrogs (D:7)
  3 gnoll sergeants (D:9)
  2 scorpions
  A water moccasin skeleton (D:5)
  6 killer bees (D:8)
  4 wights (D:8)
  2 centaur zombies
  A hound (D:5)
  A bullfrog zombie (D:7)
  6 orc priests
  A jelly (D:5)
  2 orc wizards
  5 iguanas (D:5)
  A killer bee zombie (D:5)
  4 howler monkey zombies
  14 gnolls
  5 adders
  A shadow imp (D:6)
  2 white imps
  An ufetubus (D:2)
  2 dart slugs (D:4)
  20 orcs
  11 ball pythons
  5 endoplasms
  2 giant cockroaches (D:4)
  10 goblins
  4 hobgoblins
  2 quokkas (D:4)
  3 bats
  3 frilled lizards
  9 kobolds
  3 rats
180 creatures vanquished.

Vanquished Creatures (others)
  A gnoll (D:8)
  6 plants (D:3)
7 creatures vanquished.

Grand Total: 187 creatures vanquished

Notes
Turn   | Place    | Note
-------+----------+-------------------------------------------
     0 | D:1      | sizableburger the Mummy Earth Elementalist began the quest
                  | for the Orb.
     0 | D:1      | Reached XP level 1. HP: 13/13 MP: 4/4
   486 | D:1      | Reached XP level 2. HP: 20/20 MP: 3/5
   569 | D:1      | Upgraded the game from 0.28-a0-429-g1448048969 to
                  | 0.28-a0-447-g1f95980246
   702 | D:1      | Found a faded altar of an unknown god.
   707 | D:1      | Got Plato's Compendium of Shape Shifting
   821 | D:2      | Learned a level 2 spell: Passwall
   850 | D:2      | Learned a level 1 spell: Sting
   868 | D:2      | Reached skill level 1 in Fighting
  1256 | D:2      | Found an opulent altar of Gozag.
  1401 | D:2      | You fall into a shaft and drop 1 floor!
  1404 | D:3      | Reached XP level 3. HP: 26/26 MP: 5/7
  2325 | D:3      | Learned a level 3 spell: Stone Arrow
  2450 | D:3      | Found an ornate altar of the Wu Jian Council.
  2542 | D:3      | Reached skill level 1 in Transmutations
  2879 | D:4      | Reached XP level 4. HP: 30/32 MP: 7/9
  2907 | D:4      | Found a runed translucent door.
  3005 | D:4      | Found a runed translucent door.
  3460 | D:4      | Reached skill level 1 in Conjurations
  3575 | D:4      | Noticed Demosthentine's ghost (novice MfGl)
  3643 | D:5      | Entered Level 5 of the Dungeon
  3652 | D:5      | Found Opiasel's Magic Scroll Boutique.
  3732 | D:5      | Noticed an ice beast
  3766 | D:4      | Killed an ice beast
  3767 | D:4      | Reached skill level 1 in Evocations
  3767 | D:4      | Reached XP level 5. HP: 11/37 MP: 0/10
  4021 | D:5      | Reached XP level 6. HP: 14/43 MP: 9/11
  4649 | D:5      | Reached XP level 7. HP: 45/48 MP: 10/14
  4900 | D:5      | Reached skill level 5 in Spellcasting
  5145 | D:6      | Found a hide-covered altar of Uskayaw.
  5189 | D:6      | Found a radiant altar of Vehumet.
  5302 | D:6      | Found a staircase to the Ecumenical Temple.
  5309 | D:6      | Noticed Menkaure
  5314 | Temple   | Entered the Ecumenical Temple
  5562 | Temple   | Became a worshipper of Fedhas Madash
  5583 | D:6      | Killed Menkaure
  6707 | D:7      | Reached skill level 5 in Earth Magic
  6816 | D:7      | Reached XP level 8. HP: 54/54 MP: 13/17
  7585 | D:7      | Upgraded the game from 0.28-a0-447-g1f95980246 to
                  | 0.28-a0-461-g2dc4ca5097
  7616 | D:7      | Reached skill level 5 in Conjurations
  7691 | D:7      | Reached XP level 9. HP: 57/59 MP: 7/21
  7696 | D:7      | Learned a level 4 spell: Petrify
  8529 | D:8      | Reached skill level 1 in Invocations
  8684 | D:8      | Noticed Erica
  8696 | D:8      | Killed Erica
  9505 | D:8      | Reached * piety under Fedhas
  9810 | D:8      | Found Ocuynule's Book Boutique.
 10244 | D:8      | Reached XP level 10. HP: 73/73 MP: 11/22
 10598 | D:8      | Found a shadowy altar of Dithmenos.
 10907 | D:9      | Found Qyoceun's General Store.
 10969 | D:9      | Found Reahay's Magic Scroll Boutique.
 11114 | D:9      | Noticed a gargoyle
 11385 | D:9      | Killed a gargoyle
 11386 | D:9      | Reached skill level 5 in Fighting
 11504 | D:9      | Found a staircase to the Orcish Mines.
 12464 | D:9      | Reached skill level 1 in Staves
 12604 | D:9      | Reached ** piety under Fedhas
 12830 | D:9      | Learned a level 5 spell: Lee's Rapid Deconstruction
 13094 | D:9      | Reached skill level 1 in Armour
 13467 | D:10     | Entered Level 10 of the Dungeon
 13612 | D:10     | Reached skill level 1 in Maces & Flails
 14497 | D:10     | Found a staircase to the Lair.
 14653 | D:10     | Noticed an eight-headed hydra
 14665 | D:10     | HP: 3/74 [eight-headed hydra (9)]
 14665 | D:10     | Mangled by an eight-headed hydra

Illustrated notes

Levels and vault maps discovered:
D:1:      ncdulo_watergridlock, layout_loops_ring,
          shapermc_ecumenical_altar_rom_forum
D:2:      layout_loops_corners, basic_altar
D:3:      layout_rooms, nzn_wu_jian_contemplation, minmay_shallow_snake_nest
D:4:      layout_cave_pools, ebering_ghost_sewer_f
D:5:      layout_rooms, serial_shops, nicolae_shop_trees
D:6:      layout_gridville, mainiacjoe_overflow_chevrons,
          mainiacjoe_overflow_brackets, minmay_temple_entry_trees, uniq_menkaure
D:7:      kennysheep_spiral_hall, layout_basic
D:8:      layout_basic, nicolae_dithmenos_shadow_blocks, serial_shops, shop,
          uniq_erica
D:9:      layout_basic, kennysheep_orc_monster_closet_entryway, serial_shops,
          nicolae_diamond_shop, nicolae_stop_n_shop_1
D:10:     layout_gridville, erik_lair_orcish_takeover
Temple:   regret_index_temple_mists

Skill      XL: |  1  2  3  4  5  6  7  8  9 10 |
---------------+-------------------------------+-----
Spellcasting   | 3 4 6 8 |  8.0
Fighting       | 1 4 5 |  5.0
Earth Magic    | 3 4 5 6 7 8 |  8.1
Transmutations | 1 3 4 |  4.5
Conjurations   | 1 2 3 5 |  5.2
Evocations     | 1 2 3 |  3.0
Invocations    | 3 4 |  4.5
Staves         | 1 |  1.3
Armour         | 1 |  1.0
Dodging        | 2 |  2.6
Maces & Flails | 1 |  1.7
Stealth        | |  1.5

Action                   |  1- 3 |  4- 6 |  7- 9 | 10-12 || total
-------------------------+-------+-------+-------+-------++-------
Melee: Staff             |    44 |    41 |    58 |   134 ||   277
       Flail             |       |       |       |    37 ||    37
 Cast: Sandblast         |    35 |    29 |    67 |    43 ||   174
       Sting             |     9 |     5 |    12 |    11 ||    37
       Stone Arrow       |       |     7 |    63 |    39 ||   109
       Passwall          |       |       |     1 |     8 ||     9
       Petrify           |       |       |     1 |    14 ||    15
       Lee's Rapid Decon |       |       |       |     2 ||     2
Evoke: Condenser vane    |       |       |       |     1 ||     1
  Use: Scroll            |       |     7 |     3 |     2 ||    12
 Stab: Sleeping          |       |     1 |       |       ||     1
       Petrified         |       |       |       |    38 ||    38
       Petrifying        |       |       |       |     1 ||     1
Armor: Robe              |    11 |    11 |    13 |       ||    35
       Ring mail         |       |       |    51 |   128 ||   179
Dodge: Dodged            |    42 |    46 |    95 |   135 ||   318

Table legend: (Time is in decaauts)
 A = Elapsed time spent in this place.
 B = Non-inter-level travel time spent in this place.
 C = Inter-level travel time spent in this place.
 D = Time resting spent in this place.
 E = Time spent auto-exploring this place.
 F = Levels seen in this place.
 G = Mean time per level.
                   A        B        C        D        E       F      G
               +--------+--------+--------+--------+--------+-----+--------+
         Total |  14774 |  14228 |    546 |   4638 |   7366 |  11 | 1343.1 |
       Dungeon |  14427 |  13900 |    527 |   4460 |   7337 |  10 | 1442.7 |
        Temple |    347 |    328 |     19 |    178 |     28 |   1 |  347.0 |
               +--------+--------+--------+--------+--------+-----+--------+

Top non-repeatable levels by time:
     D:8: 2846 daAuts
     D:9: 2383 daAuts
     D:7: 1569 daAuts
     D:5: 1334 daAuts
     D:2: 1305 daAuts
    D:10: 1213 daAuts
     D:6: 1186 daAuts
     D:4: 1029 daAuts
     D:3: 791 daAuts
     D:1: 767 daAuts
  Temple: 347 daAuts
